 Dungeon Crawl Stone Soup version 0.16-a0-331-g39fd2ee (webtiles) character file.

179 PolkaDot the Caller (level 5, -4/35 HPs)
             Began as a Vampire Summoner on Sept 8, 2014.
             Slain by an orc
             ... wielding a +0 flail
              (11 damage)
             ... on Level 3 of the Dungeon.
             The game lasted 00:09:03 (2067 turns).

PolkaDot the Caller (Vampire Summoner)              Turns: 2067, Time: 00:09:03

HP  -4/35        AC  2     Str  7      XL: 5   Next: 32%
MP   9/9         EV 12     Int 18      God:
Gold 116         SH  0     Dex 14      Spells:  3 memorised,  2 levels left

rFire  + . .     SeeInvis +     h - +2 spear (vamp)
rCold  . . .     Clarity  .     a - +0 robe
rNeg   . . .     rCorr    .     (no shield)
rPois  .         rRot     .     (no helmet)
rElec  .         Spirit   .     (no cloak)
SustAb .         Warding  .     (no gloves)
rMut   .         Stasis   .     (no boots)
Gourm  .                        (no amulet)
MR     .....                    (no ring)
                                (no ring)

@: regenerating quickly, slowed, very slow, not resistant to hostile
enchantments, unstealthy
A: fangs 3, see invisible, fire resistance 1, unbreathing
a: no special abilities


You were on level 3 of the Dungeon.
You were very full.

You visited 1 branch of the dungeon, and saw 3 of its levels.

You collected 116 gold pieces.

Inventory:

Hand weapons
 h - a +2 vampiric spear (weapon)
Armour
 a - a +0 robe (worn)
Scrolls
 c - a scroll of enchant armour {unknown}
 d - 3 scrolls of remove curse {unknown}
 f - a scroll of amnesia {unknown}
 g - 2 scrolls of fog {unknown}
 j - 2 scrolls of identify {unknown}
 l - a scroll of teleportation {unknown}
Jewellery
 e - an uncursed ring of protection from cold {unknown}
 i - an uncursed ring of protection from magic {unknown}
Books
 b - a book of Callings

   Spells                             Type                      Level
   *Summon Small Mammal               Summoning                    1
   *Call Imp                          Summoning                    2
   *Call Canine Familiar              Summoning                    3
   Summon Guardian Golem              Hexes/Summoning              4
   Summon Lightning Spire             Summoning/Air                4
   Summon Ice Beast                   Ice/Summoning                4
 k - a book of Wizardry

   Spells                             Type                      Level
   Agony                              Necromancy                   5
   Force Lance                        Conjuration                  5
   Dispersal                          Translocation                6
   Haste                              Charms                       6
   Invisibility                       Hexes                        6
   Spellforged Servitor               Conjuration/Summoning        7


   Skills:
 - Level 2.1 Dodging
 - Level 3.0 Stealth
 - Level 2.0 Spellcasting
 * Level 6.6 Summonings


You had 2 spell levels left.
You knew the following spells:

 Your Spells              Type           Power        Failure   Level  Hunger
a - Summon Small Mammal   Summ           ####         1%          1    #......
d - Call Canine Familiar  Summ           ####....     3%          3    ####...
s - Call Imp              Summ           ####....     1%          2    ##.....


Dungeon Overview and Level Annotations

Branches:
Dungeon (3/15)

Altars:
Ashenzari


Innate Abilities, Weirdness & Mutations

Your natural rate of healing is unusually fast.
You have razor-sharp teeth.
You have supernaturally acute eyesight.
You can survive without breathing.
Your flesh is heat resistant.


Message History

You barely miss the orc.
Your hound bites the orc wizard but does no damage.
The orc wizard hits you with a dagger.
* * * LOW HITPOINT WARNING * * *
Your hound stops to sniff the ground.
Your hound closely misses the orc wizard.
The orc hits you with a flail.
* * * LOW HITPOINT WARNING * * *
The orc wizard casts a spell at you. The magic dart hits you!
* * * LOW HITPOINT WARNING * * *
Your hound closely misses the orc wizard.
You aren't carrying any potions.
Use e to drain blood from corpses.
You draw the orc's blood!
You feel better.
You feel slightly more full.
You hit the orc.
You feel better.
You bite the orc.
You draw the orc's blood!
You feel better.
You feel slightly more full.
The orc is severely wounded.
The orc hits you with a flail!
You die...

.........(.....>#
o
.........)......#
.#
......###(......#
o# ##.##.#
#[.)....# .#
#.##.# #.......#
.# ##.##.#
#)....5.# .#
......# ##......#
.# ......##
#.)...)###.#<####)
####...#
###(.((@o.........
#...#
#..ho###.#.#####
#...# #....# .#
#...# ###### .#
#...# .# #...# .#
#...# .. #...# ##
#._.#


You could see an orc wizard (invisible), an orc, a friendly hound and a friendly
crimson imp.

Vanquished Creatures
  An orc wizard (D:3)
  2 adders (D:2)
  3 worms (D:2)
  An orc (D:3)
  3 ball pythons
  3 giant cockroaches
  4 hobgoblins
  5 kobolds
  A quokka (D:2)
  4 bats
  A giant gecko (D:1)
  2 giant newts
  9 goblins
  5 rats
44 creatures vanquished.

Vanquished Creatures (collateral kills)
  An orc wizard (D:3)
  2 orc priests (D:3)
  An ogre skeleton (D:3)
  Terence (D:3)
  An adder (D:2)
  3 orcs (D:3)
  2 goblins
  A quokka (D:2)
  A kobold (D:1)
13 creatures vanquished.

Vanquished Creatures (others)
  A hound (D:3)
  A shadow imp (D:3)
2 creatures vanquished.

Grand Total: 59 creatures vanquished

Notes
Turn   | Place    | Note
--------------------------------------------------------------
     0 | D:1      | PolkaDot, the Vampire Summoner, began the quest for the Orb.
     0 | D:1      | Reached XP level 1. HP: 13/13 MP: 3/3
   208 | D:1      | Reached XP level 2. HP: 19/19 MP: 4/4
   836 | D:1      | Learned a level 2 spell: Call Imp
   890 | D:2      | Reached skill level 5 in Summonings
   898 | D:2      | Reached XP level 3. HP: 7/24 MP: 3/6
  1056 | D:2      | HP: 1/24 [poisoned by an adder]
  1063 | D:2      | HP: 1/24 [poisoned by an adder]
  1071 | D:2      | HP: 1/24 [poisoned by an adder]
  1441 | D:2      | Learned a level 3 spell: Call Canine Familiar
  1509 | D:2      | Reached XP level 4. HP: 30/30 MP: 7/7
  1891 | D:3      | Found a shattered altar of Ashenzari.
  1918 | D:3      | Gained mutation: Your flesh is heat resistant. [potion of beneficial mutation]
  1925 | D:3      | Reached skill level 6 in Summonings
  1965 | D:3      | Noticed Terence
  2002 | D:3      | Killed Terence
  2041 | D:3      | Reached XP level 5. HP: 24/35 MP: 7/9
  2066 | D:3      | HP: 1/35 [orc wizard/magic dart (7)]
  2067 | D:3      | Slain by an orc

Action                   |  1- 3 |  4- 6 || total
-------------------------+-------+-------++-------
Melee: Dagger            |    10 |       ||    10
       Mace              |     7 |       ||     7
       Spear             |   113 |    73 ||   186
 Cast: Call Imp          |     3 |     4 ||     7
       Summon Small Mamm |     2 |       ||     2
       Call Canine Famil |       |     2 ||     2
  Use: Potion            |     2 |     2 ||     4
 Stab: Distracted        |     1 |     1 ||     2
       Sleeping          |     5 |     3 ||     8
       Invisible         |       |     2 ||     2
  Eat: Corpse            |    14 |     6 ||    20
